 Dungeon Crawl Stone Soup version 0.26.1-11-gd32895ea62 (webtiles) character file.

Game seed: 12980286392176792454

581 Almogavar the Fighter (level 7, -1/63 HPs)
             Began as a Gnoll Wanderer on June 26, 2021.
             Slain by Duvessa
             ... wielding a +0 short sword
              (16 damage)
             ... on level 4 of the Dungeon.
             The game lasted 00:09:31 (4800 turns).

Almogavar the Fighter (Gnoll Wanderer)              Turns: 4800, Time: 00:09:32

Health: -1/63      AC:  5    Str: 17    XL:     7   Next: 36%
Magic:  10/10      EV: 15    Int: 12    God:
Gold:   183        SH:  0    Dex: 22    Spells: 10/10 levels left

rFire    . . .     SeeInvis .   a - +2 falchion
rCold    . . .     Faith    .   (no shield)
rNeg     . . .     Spirit   .   d - +0 robe
rPois    .         Reflect  .   n - +2 hat
rElec    .         Harm     .   w - +0 cloak
rCorr    .         Rampage  .   (no gloves)
Will     .....                  (no boots)
Stlth    +++.......             (no amulet)
HPRegen  0.20/turn              h - +6 ring of dexterity
MPRegen  0.12/turn              (no ring)

@: no status effects
A: distributed training, fangs 1, strong nose
a: no special abilities


You were on level 4 of the Dungeon.
You visited 1 branch of the dungeon, and saw 6 of its levels.

You collected 183 gold pieces.

Inventory:

Hand Weapons
 a - a +2 falchion (weapon)
Missiles
 r - 2 boomerangs (quivered)
Armour
 d - a +0 robe (worn)
 g - a +0 leather armour
 n - a +2 hat (worn)
 s - a +0 chain mail
 t - a cursed +0 scale mail
 w - a +0 cloak (worn)
Jewellery
 h - a +6 ring of dexterity (left hand)
Scrolls
 c - a scroll of magic mapping {unknown}
 k - 7 scrolls of remove curse
 l - 2 scrolls of amnesia {unknown}
 o - a scroll of blinking {unknown}
 p - a scroll of fear {unknown}
 q - 3 scrolls of enchant armour {unknown}
Potions
 b - 4 potions of curing
 f - a potion of brilliance
 m - a potion of flight {unknown}
 u - a potion of resistance {unknown}
 v - a potion of heal wounds {unknown}
 x - a potion of attraction {unknown}


   Skills:
 + Level 8.9 Fighting
 + Level 2.4 Short Blades
 + Level 3.6 Long Blades
 + Level 2.4 Axes
 + Level 2.4 Maces & Flails
 + Level 2.4 Polearms
 + Level 2.4 Staves
 + Level 2.4 Slings
 + Level 2.4 Bows
 + Level 2.4 Crossbows
 + Level 3.6 Throwing
 + Level 3.6 Armour
 + Level 3.6 Dodging
 + Level 3.4 Stealth
 + Level 2.4 Shields
 + Level 2.4 Unarmed Combat
 + Level 2.4 Spellcasting
 + Level 2.0 Conjurations
 + Level 2.0 Hexes
 + Level 2.0 Summonings
 + Level 2.0 Necromancy
 + Level 2.0 Translocations
 + Level 2.0 Transmutations
 + Level 2.0 Fire Magic
 + Level 2.0 Ice Magic
 + Level 2.0 Air Magic
 + Level 2.0 Earth Magic
 + Level 2.0 Poison Magic
 + Level 2.7 Invocations
 + Level 3.6 Evocations


You had 10 spell levels left.
You didn't know any spells.
Your spell library contained the following spells:

 Spells                   Type           Power        Failure   Level
 Beastly Appendage        Tmut           12%          12%         1
 Wereblood                Tmut           6%           17%         2
 Spider Form              Tmut/Pois      3%           34%         3
 Ice Form                 Ice/Tmut       6%           75%         4
 Blade Hands              Tmut           3%           97%         5


Dungeon Overview and Level Annotations

Branches:
Dungeon (6/15)
 Temple: D:4-7

Altars:
Ashenzari
Elyvilon
Sif Muna
Trog
Xom
The Shining One

Shops:
D:4 [

Annotations:
D:4 Duvessa


Innate Abilities, Weirdness & Mutations

Your experience applies equally to all skills.
You have very sharp teeth.
Your uncanny sense of smell can sniff out nearby items.


Message History

You hit Duvessa. You bite Duvessa, but do no damage.
Duvessa is severely wounded.
Duvessa hits you but does no damage.
You barely miss Duvessa. You bite Duvessa, but do no damage.
Duvessa is severely wounded.
Duvessa hits you with a +0 short sword.
* * * LOW HITPOINT WARNING * * *
Duvessa hits you with a +0 short sword!
* * * LOW HITPOINT WARNING * * *
You hit Duvessa.
Duvessa is severely wounded.
Duvessa barely misses you. Duvessa closely misses you.
You riposte.
You closely miss Duvessa.
Duvessa is severely wounded.
Unknown command.
You feel better. Duvessa misses you.
You slash Duvessa!
Duvessa is almost dead.
Duvessa hits you but does no damage. Duvessa hits you with a +0 short sword!
You die...

#..# #.# #..... #..# #.#
#.#... #.. #.### #..... #..#
#..####.#.⌠. ## #..##
#.#.#...... .# #..##
##......#... ##.#
#..###.........._
##..######.=....#....#...
####.>.##.)@.....###........
##...####..e......#
#....#.⌠. #.####
#........$.##..#..... #.#
#........>##...#.#... #.#
#...####.#####....... #.#
#### ##.. .) ....
#.######### ... ..#.
#.........### .. #.
####........### #.


You could see Duvessa (berserk).

Vanquished Creatures
  Menkaure (D:3)
  Blork the orc (D:3)
  A scorpion (D:3)
  Dowan (D:4)
  A bullfrog skeleton (D:4)
  2 iguanas (D:5)
  3 orc wizards
  2 worker ants
  6 adders
  An ooze (D:2)
  An adder skeleton (D:5)
  2 dart slugs (D:1)
  3 leopard geckos
  9 orcs (D:3)
  2 ball pythons
  2 bats
  3 giant cockroaches
  9 hobgoblins
  3 frilled lizards
  8 goblins
  5 kobolds
  9 rats
75 creatures vanquished.

Notes
Turn   | Place    | Note
-------+----------+-------------------------------------------
     0 | D:1      | Almogavar the Gnoll Wanderer began the quest for the Orb.
     0 | D:1      | Almogavar set off with the following items: a +2 falchion,
                  | a potion of curing, a potion of lignification, a +0 robe
     0 | D:1      | Reached XP level 1. HP: 26/26 MP: 1/1
   146 | D:1      | Reached XP level 2. HP: 33/33 MP: 2/2
   479 | D:1      | Reached XP level 3. HP: 38/38 MP: 3/3
   742 | D:2      | Reached skill level 1 in Invocations
   771 | D:2      | Found a glowing golden altar of the Shining One.
   812 | D:2      | Reached skill level 1 in Short Blades
   812 | D:2      | Reached skill level 1 in Axes
   812 | D:2      | Reached skill level 1 in Maces & Flails
   812 | D:2      | Reached skill level 1 in Polearms
   812 | D:2      | Reached skill level 1 in Staves
   812 | D:2      | Reached skill level 1 in Slings
   812 | D:2      | Reached skill level 1 in Bows
   812 | D:2      | Reached skill level 1 in Crossbows
   812 | D:2      | Reached skill level 1 in Shields
   812 | D:2      | Reached skill level 1 in Unarmed Combat
   812 | D:2      | Reached skill level 1 in Spellcasting
   812 | D:2      | Reached XP level 4. HP: 45/45 MP: 5/5
   956 | D:2      | Found a shimmering altar of Xom.
   972 | D:2      | Found a shimmering blue altar of Sif Muna.
  1015 | D:2      | Found a broken altar of Ashenzari.
  1430 | D:2      | Found a bloodstained altar of Trog.
  1553 | D:3      | Reached skill level 1 in Conjurations
  1553 | D:3      | Reached skill level 1 in Hexes
  1553 | D:3      | Reached skill level 1 in Summonings
  1553 | D:3      | Reached skill level 1 in Necromancy
  1553 | D:3      | Reached skill level 1 in Translocations
  1553 | D:3      | Reached skill level 1 in Transmutations
  1553 | D:3      | Reached skill level 1 in Fire Magic
  1553 | D:3      | Reached skill level 1 in Ice Magic
  1553 | D:3      | Reached skill level 1 in Air Magic
  1553 | D:3      | Reached skill level 1 in Earth Magic
  1553 | D:3      | Reached skill level 1 in Poison Magic
  1995 | D:3      | You fall into a shaft and drop 3 floors!
  2003 | D:5      | Entered Level 5 of the Dungeon
  2083 | D:5      | HP: 2/45 [iguana (10)]
  2088 | D:5      | Reached XP level 5. HP: 3/51 MP: 5/7
  3060 | D:4      | Found a white marble altar of Elyvilon.
  3060 | D:4      | Found Cadwuwo's Antique Armour Shop.
  3060 | D:4      | Noticed Menkaure
  3629 | D:4      | Noticed Blork the orc
  3634 | D:3      | Reached XP level 6. HP: 46/57 MP: 8/8
  4065 | D:3      | Killed Blork the orc
  4381 | D:3      | Killed Menkaure
  4382 | D:3      | Reached XP level 7. HP: 15/63 MP: 10/10
  4739 | D:4      | Noticed Duvessa
  4740 | D:4      | Noticed Dowan
  4788 | D:4      | Killed Dowan
  4800 | D:4      | Slain by Duvessa

Illustrated notes

Levels and vault maps discovered:
D:1:      dpeg_arrival_round_b, layout_rooms, minmay_misc_feat_cross,
          minmay_octomino_e4
D:2:      layout_basic, tso_metal_star, nicolae_overflow_quartered_altars
D:3:      layout_basic, dk_vineyard_3, minivault_23, guppyfry_early_orc_mine
D:4:      layout_layer_cave, kennysheep_mini, serial_shops, shop_statue, shop,
          shop, nicolae_shop_trees, shop, elyvilon_altar_5, uniq_blork_the_orc,
          uniq_menkaure, uniq_duvessa
D:5:      layout_basic, kennysheep_ying_yang, nzn_hepliaklqana_mist_gate,
          lemuel_coloured_pillars_altar, lemuel_round_altar
D:6:      layout_rooms, patterned_corridor, uniq_eustachio

Skill      XL: |  1  2  3  4  5  6  7 |
---------------+----------------------+-----
Invocations    | 1 2 |  2.7
Short Blades   | 1 2 |  2.4
Axes           | 1 2 |  2.4
Maces & Flails | 1 2 |  2.4
Polearms       | 1 2 |  2.4
Staves         | 1 2 |  2.4
Slings         | 1 2 |  2.4
Bows           | 1 2 |  2.4
Crossbows      | 1 2 |  2.4
Shields        | 1 2 |  2.4
Unarmed Combat | 1 2 |  2.4
Spellcasting   | 1 2 |  2.4
Conjurations   | 1 2 |  2.0
Hexes          | 1 2 |  2.0
Summonings     | 1 2 |  2.0
Necromancy     | 1 2 |  2.0
Translocations | 1 2 |  2.0
Transmutations | 1 2 |  2.0
Fire Magic     | 1 2 |  2.0
Ice Magic      | 1 2 |  2.0
Air Magic      | 1 2 |  2.0
Earth Magic    | 1 2 |  2.0
Poison Magic   | 1 2 |  2.0
Long Blades    | 3 |  3.6
Throwing       | 3 |  3.6
Armour         | 3 |  3.6
Dodging        | 3 |  3.6
Evocations     | 3 |  3.6
Stealth        | 3 |  3.4
Fighting       | |  8.9

Action                   |  1- 3 |  4- 6 |  7- 9 || total
-------------------------+-------+-------+-------++-------
Melee: Falchion          |    50 |   128 |    28 ||   206
       Bite              |     2 |    33 |     8 ||    43
  Use: Scroll            |       |     4 |       ||     4
       Potion            |       |     1 |     1 ||     2
 Stab: Sleeping          |     7 |    11 |     2 ||    20
Armor: Robe              |     6 |    18 |     9 ||    33
Dodge: Dodged            |    34 |   102 |    20 ||   156
       Rpst.: Falchion   |    11 |    33 |     8 ||    52
